 Dungeon Crawl Stone Soup version 0.21.1-1-g345015f (webtiles) character file.

196 inc the Magician (level 5, -5/31 HPs)
             Began as an Octopode Ice Elementalist on June 17, 2018.
             Killed by divine providence
             ... invoked by an orc priest
              (12 damage)
             ... on level 3 of the Dungeon.
             The game lasted 00:06:22 (2739 turns).

inc the Magician (Octopode Ice Elementalist)        Turns: 2739, Time: 00:06:23

Health: -5/31      AC:  1    Str:  8    XL:     5   Next: 74%
Magic:  10/12      EV: 13    Int: 18    God:
Gold:   113        SH:  0    Dex: 12    Spells: 13/14 levels left

rFire    . . .     SeeInvis .   f - +0 short sword
rCold    . . .     Gourm    .   (no shield)
rNeg     . . .     Faith    .   (helmet restricted)
rPois    .         Spirit   .   (no amulet)
rElec    .         Reflect  .   (no ring)
rCorr    .         Harm     .   (no ring)
MR       .....                  (no ring)
Stlth    +++.......             (no ring)
HPRegen  0.10/turn              (no ring)
MPRegen  0.13/turn              (no ring)
                                (no ring)
                                (no ring)

@: no status effects
A: almost no armour, stealthy swim, amphibious, 8 rings, constrict 8, camouflage
1, gelatinous body 1
a: no special abilities


You were on level 3 of the Dungeon.
You were not hungry.

You visited 1 branch of the dungeon, and saw 3 of its levels.

You collected 113 gold pieces.

Inventory:

Hand Weapons
 f - a +0 short sword (weapon)
Missiles
 d - 28 poisoned needles
Jewellery
 l - an uncursed amulet of rage {unknown}
Scrolls
 c - 2 scrolls of enchant armour {unknown}
 e - 3 scrolls of fear {unknown}
 g - a scroll of magic mapping {unknown}
 i - 3 scrolls of identify {unknown}
 j - a scroll of enchant weapon {unknown}
 k - a scroll of teleportation {unknown}
 p - a scroll of fog {unknown}
Potions
 h - a potion of heal wounds {unknown}
 m - a potion of mutation {unknown}
 n - a potion of brilliance {unknown}
 o - a potion of might {unknown}
Books
 a - a book of Frost

   Spells                             Type                      Level
   a - Freeze                         Ice                          1
   b - Throw Frost                    Conjuration/Ice              2
   c - Ozocubu's Armour               Charms/Ice                   3
   d - Throw Icicle                   Conjuration/Ice              4
   e - Summon Ice Beast               Ice/Summoning                4
Comestibles
 b - 8 rations
 q - a chunk of flesh


   Skills:
 - Level 2.0 Dodging
 - Level 2.6 Stealth
 + Level 5.3 Spellcasting
   Level 1.0 Conjurations
 - Level 3.0 Ice Magic


You had 13 spell levels left.
You knew the following spells:

 Your Spells              Type           Power        Failure   Level  Hunger
a - Freeze                Ice            ###.         3%          1    None


Dungeon Overview and Level Annotations

Branches:
Dungeon (3/15)

Altars:
Yredelemnul


Innate Abilities, Weirdness & Mutations

You cannot wear most types of armour.
You are very stealthy in the water. (Stealth+)
You are amphibious.
You can wear up to eight rings at the same time.
You can use your tentacles to constrict eight enemies at once.
Your skin changes colour to match your surroundings (Stealth+).
Your rubbery body absorbs attacks. (AC +1, EV +1)


Message History

Aiming: Freeze
Press: ? - help, Shift-Dir - straight line, f - orc priest
Aim: an orc priest, wielding a dagger (lightly wounded, constricted by you)
You freeze the orc priest.
The orc priest is moderately wounded.
You constrict the orc priest.
The orc priest invokes the aid of Beogh against you.
Beogh smites you!
* * * LOW HITPOINT WARNING * * *
Casting: Freeze
Confirm with . or Enter, or press ? or * to list all spells.
Aiming: Freeze
Press: ? - help, Shift-Dir - straight line, f/p - orc priest
Aim: an orc priest, wielding a dagger (moderately wounded, constricted by you)
You freeze the orc priest.
The orc priest is severely wounded.
You constrict the orc priest.
The orc priest mumbles some strange prayers to Beogh against you.
Beogh smites you!
You die...

#.##.......# #.# #.#
#.##.#####.###.#####.######
##.##.# ##<..##.#.o.<.......
######..)#)###>###.#.#.###.######
#..........)...# #...#.###o##
#.####.###########..........# #.#
#.....#......##.#.###..# #.#
#####.#.###.###.#.# #..##### #.#
#...# #@# #.#.# #....... #.#
#.#####g#o# #w#.# ######## #.#
#..b....#.# ....# #.# #.#####.#.#
....# ..# #)..# ##. ..... .##
#####.# . .# #.....# . .#
#.###########. .. .# ##)#
#.#.###.J.#


You could see an orc priest.

Vanquished Creatures
  An orc priest (D:3)
  Natasha (thrice) (D:2)
  2 adders (D:3)
  An ooze (D:1)
  2 worms
  3 dart slugs
  A leopard gecko (D:2)
  5 orcs (D:3)
  3 bats
  3 giant cockroaches
  6 hobgoblins
  2 jackals (D:3)
  9 kobolds
  2 frilled lizards (D:2)
  8 goblins
  7 rats
58 creatures vanquished.

Notes
Turn   | Place    | Note
-------+----------+-------------------------------------------
     0 | D:1      | inc the Octopode Ice Elementalist began the quest for the Orb.
     0 | D:1      | Reached XP level 1. HP: 11/11 MP: 3/3
   169 | D:1      | Reached XP level 2. HP: 12/17 MP: 3/5
   496 | D:1      | Reached skill level 3 in Spellcasting
   775 | D:1      | Reached XP level 3. HP: 20/21 MP: 7/7
  1108 | D:2      | Noticed Natasha
  1112 | D:2      | Killed Natasha
  1112 | D:2      | Reached XP level 4. HP: 27/27 MP: 5/9
  1270 | D:2      | Reached skill level 4 in Spellcasting
  1348 | D:2      | Noticed Natasha
  1357 | D:2      | Killed Natasha
  1369 | D:2      | Noticed Natasha
  1375 | D:2      | Killed Natasha
  1375 | D:2      | Reached XP level 5. HP: 4/31 MP: 4/12
  2304 | D:3      | Reached skill level 5 in Spellcasting
  2309 | D:3      | Found a basalt altar of Yredelemnul.
  2739 | D:3      | Killed from afar by an orc priest

Skill      XL: |  1  2  3  4  5 |
---------------+----------------+-----
Spellcasting   | 3 4 5 |  5.3
Dodging        | |  2.0
Stealth        | |  2.6
Conjurations   | |  1.0
Ice Magic      | |  3.0

Action                   |  1- 3 |  4- 6 || total
-------------------------+-------+-------++-------
Melee: Unarmed           |     6 |       ||     6
       Constrict         |     9 |    18 ||    27
       Tentacles         |     3 |     6 ||     9
       Short sword       |    26 |    44 ||    70
 Cast: Freeze            |    11 |    38 ||    49
 Stab: Sleeping          |    10 |     4 ||    14
  Eat: Chunk             |     1 |     5 ||     6
Armor: Skin              |     2 |     2 ||     4
Dodge: Dodged            |    22 |    34 ||    56
